details: 'hacker somebody'

« prev index next »

General information

Mini Map

Players

team 1
Orcnatural.mystic (yellow | 45 APM | 433 actions | 09:36)
Hero icon 2 Blademaster
Ability icon 1 Wind Walk
Ability icon 1 Critical Strike
Hero icon 2 Shadow Hunter
Ability icon 1 Healing Wave
Ability icon 1 Hex

» actions
Basic commands9
Build / train26
ESC pressed1
Enter build submenu10
Enter hero's abilities submenu4
Remove unit from queue1
Right click235
Select / deselect125
Use ability22
433 total
» units
Peon8
Wind Rider5
13 total
» upgrades
Armor1
Ranged Weapons2
3 total
» buildings
Altar of Storms1
Orc Burrow4
Voodoo Lounge1
War Mill1
Stronghold1
Watch Tower1
Beastiary2
Fortress1
12 total
» build order
00:11 Altar of Storms
00:21 Orc Burrow
00:51 Voodoo Lounge
01:46 War Mill
02:14 Stronghold
02:34 Orc Burrow
02:55 Orc Burrow
03:29 Watch Tower
03:33 Orc Burrow
05:05 Beastiary
05:07 Beastiary
08:50 Fortress
» items
Healing Salve1
1 total
Orcgosu.god. (pink | 73 APM | 707 actions | 09:37)
Hero icon 3 Blademaster
Ability icon 2 Wind Walk
Ability icon 1 Critical Strike
Hero icon 2 Shadow Hunter
Ability icon 1 Hex
Ability icon 1 Healing Wave

» actions
Assign group hotkey35
Basic commands12
Build / train32
Enter build submenu10
Enter hero's abilities submenu5
Give item / drop item1
Remove unit from queue1
Right click264
Select / deselect80
Select group hotkey225
Use ability42
707 total
» units
Peon7
Grunt4
Wind Rider5
Raider3
19 total
» upgrades
Ensnare1
1 total
» buildings
Altar of Storms1
Orc Burrow4
Barracks1
Voodoo Lounge1
Stronghold2
War Mill1
Beastiary2
12 total
» build order
00:13 Altar of Storms
00:23 Orc Burrow
00:39 Barracks
01:25 Orc Burrow
02:00 Voodoo Lounge
03:05 Stronghold
03:05 Stronghold
03:38 Orc Burrow
04:24 Orc Burrow
04:45 War Mill
05:31 Beastiary
05:50 Beastiary
» items
Healing Salve2
2 total
Random» NightElfdalerdalerdaler (red | 34 APM | 331 actions | 09:36)
Hero icon 2 Warden
Ability icon 1 Fan of Knives
Ability icon 1 Blink

» actions
Assign group hotkey7
Basic commands3
Build / train29
Enter build submenu11
Enter hero's abilities submenu2
Right click120
Select / deselect77
Select group hotkey65
Use ability17
331 total
» units
Wisp16
Huntress7
23 total
» upgrades
Moon Armor1
Ultravision1
2 total
» buildings
Altar of Elders1
Moon Well3
Hunter's Hall1
Ancient of War1
Ancient Protector3
Ancient of Wonders1
Tree of Ages1
11 total
» build order
00:11 Altar of Elders
00:14 Moon Well
01:08 Hunter's Hall
01:44 Ancient of War
02:15 Ancient Protector
02:24 Ancient of Wonders
02:45 Moon Well
05:14 Ancient Protector
05:28 Ancient Protector
06:02 Moon Well
07:56 Tree of Ages
Undeadbulld0g (purple | 30 APM | 291 actions | 09:36)
Hero icon 2 Death Knight
Ability icon 1 Death Coil
Ability icon 1 Unholy Aura

» actions
Assign group hotkey13
Build / train29
ESC pressed1
Enter build submenu8
Enter hero's abilities submenu2
Remove unit from queue1
Right click90
Select / deselect85
Select group hotkey53
Use ability9
291 total
» units
Acolyte2
Ghoul2
Crypt Fiend10
Necromancer3
17 total
» upgrades
Cannibalize0
Web1
Creature Attack2
Creature Carapace2
Skeletal Longevity1
Necromancer Training1
7 total
» buildings
Crypt1
Ziggurat4
Altar of Darkness1
Graveyard1
Halls of the Dead1
Temple of the Damned1
9 total
» build order
00:08 Crypt
00:15 Ziggurat
00:37 Altar of Darkness
01:00 Graveyard
01:37 Ziggurat
02:46 Halls of the Dead
04:15 Ziggurat
05:15 Temple of the Damned
09:26 Ziggurat
team 2
UndeadSlipstream (blue | 110 APM | 1053 actions | 09:36)
Hero icon 1 Priestess of the Moon
Ability icon 1 Trueshot Aura
Hero icon 3 Death Knight
Ability icon 2 Death Coil
Ability icon 1 Unholy Aura

» actions
Assign group hotkey13
Basic commands103
Build / train56
Enter build submenu18
Enter hero's abilities submenu4
Remove unit from queue4
Right click422
Select / deselect200
Select group hotkey193
Use ability40
1053 total
» units
Acolyte2
Wisp5
Ghoul1
Crypt Fiend9
Huntress14
31 total
» upgrades
Strength of the Wild0
Strength of the Moon1
Web1
2 total
» buildings
Graveyard1
Crypt1
Moon Well4
Altar of Darkness1
Ziggurat4
Tomb of Relics1
Ancient of War2
Nerubian Tower1
Halls of the Dead2
Black Citadel2
19 total
» build order
00:09 Graveyard
00:14 Crypt
00:26 Moon Well
00:47 Altar of Darkness
01:02 Ziggurat
01:32 Tomb of Relics
01:44 Moon Well
02:01 Ancient of War
02:12 Ziggurat
02:22 Ancient of War
03:01 Nerubian Tower
03:43 Moon Well
05:09 Halls of the Dead
05:10 Halls of the Dead
05:11 Ziggurat
05:23 Moon Well
08:08 Black Citadel
08:09 Black Citadel
08:11 Ziggurat
» items
Rod of Necromancy2
Scroll of Town Portal1
Healing Salve1
Scroll of Speed1
5 total
OrcPlzLeaveNoob (teal | 76 APM | 726 actions | 09:35)
Hero icon 1 Beastmaster
Ability icon 1 Summon Quilbeast
Hero icon 1 Shadow Hunter
Ability icon 1 Healing Wave

» actions
Assign group hotkey18
Basic commands79
Build / train24
Enter build submenu14
Enter hero's abilities submenu2
Right click224
Select / deselect195
Select group hotkey152
Use ability18
726 total
» units
Peon5
Wisp4
Grunt5
Demolisher1
15 total
» upgrades
Armor1
Melee Weapons2
3 total
» buildings
Altar of Storms1
War Mill1
Barracks1
Orc Burrow2
Hunter's Hall1
Stronghold1
Watch Tower2
Voodoo Lounge1
Beastiary1
11 total
» build order
00:06 Altar of Storms
00:10 War Mill
00:42 Barracks
01:14 Orc Burrow
01:40 Hunter's Hall
01:53 Orc Burrow
04:08 Stronghold
05:07 Watch Tower
05:22 Watch Tower
05:39 Voodoo Lounge
08:25 Beastiary
» items
Healing Salve1
1 total
Random» NightElfboyle04 (green | 66 APM | 17 actions | 00:15)

» actions
Build / train2
Enter build submenu2
Right click5
Select / deselect5
Use ability3
17 total
» units
Wisp2
2 total
» buildings
Altar of Elders1
1 total
» build order
00:13 Altar of Elders
OrcEtty (orange | 124 APM | 1186 actions | 09:33)
Hero icon 4 Blademaster
Ability icon 2 Wind Walk
Ability icon 2 Critical Strike

» actions
Assign group hotkey7
Basic commands109
Build / train26
ESC pressed3
Enter build submenu11
Enter hero's abilities submenu4
Right click397
Select / deselect182
Select group hotkey408
Use ability39
1186 total
» units
Peon8
Grunt5
13 total
» buildings
Altar of Storms1
Orc Burrow4
Barracks1
Voodoo Lounge3
Stronghold1
War Mill1
11 total
» build order
00:04 Altar of Storms
00:15 Orc Burrow
00:43 Barracks
01:39 Orc Burrow
02:20 Voodoo Lounge
02:22 Voodoo Lounge
03:19 Voodoo Lounge
04:41 Stronghold
05:18 War Mill
05:51 Orc Burrow
07:46 Orc Burrow
» items
Dust of Appearance1
Rod of Necromancy1
Healing Salve1
3 total

Chat log

(00:06 / Allies) natural.mystic: fast air
(00:15 / Allies) bulld0g: fiends necs
(00:27 / Allies) natural.mystic: harass

(01:39 / Allies) gosu.god.: im in such a bad mood
(01:55 / Allies) natural.mystic: i dont know what was worst last game
(02:00 / Allies) natural.mystic: the morons i got stuck with
(02:09 / Allies) gosu.god.: what happend
(02:12 / Allies) natural.mystic: or the douchebags that talk shit like they actuall y did something on the other team
(02:24 / Allies) natural.mystic: one kid got carried big time
(02:28 / Allies) natural.mystic: and he talks shit like hes good
(02:46 / Allies) gosu.god.: LOL
(02:47 / Allies) natural.mystic: acos
(02:48 / All) gosu.god.: FUCKING HACKER
(03:07 / Allies) natural.mystic: fuck
(03:12 / All) gosu.god.: u faggots got a hacker on ur team
(03:36 / Allies) natural.mystic: yeah bryce hacks
(03:47 / Allies) gosu.god.: which is bryce
(04:04 / Allies) natural.mystic: repair
(04:37 / Allies) gosu.god.: purple im gonna need help
(05:19 / Allies) gosu.god.: who is bryce yellow which one
(05:25 / Allies) natural.mystic: no clue
(05:31 / Allies) natural.mystic: just know ive heard he hax
(06:02 / Allies) gosu.god.: stay with me purple

(08:13 / Allies) gosu.god.: come lets hit
(08:21 / Allies) bulld0g: wait yellow
(08:32 / Allies) natural.mystic: why the fuck would i wait
(09:18 / Allies) natural.mystic: main then next
(09:22 / Allies) natural.mystic: main
(09:27 / Allies) natural.mystic: main
(09:28 / Allies) natural.mystic: main
(09:29 / Allies) natural.mystic: main
(09:30 / Allies) natural.mystic: main